Map: [ESL] Inside and Out

Players

TeebuL

  • Race: Protoss Protoss
  • Spawn Location: 7:00

Probe - Winner!

  • Race: Protoss Protoss
  • Spawn Location: 1:00

Event: DreamHack SC2 Masters 2022 Atlanta (Online)

VOD

Have the link to the VOD?

Description

Time

  • Played on: Oct. 1, 2022, 4:50 a.m.
  • Length: 18:51

All games in this series

Show
View Real Time Build Order
Export as new Build Order

TeebuL Protoss 

Build Orders: Oracle Opening, Phoenix Opening 

Get SALT Encoding   

  12  0:00  Probe  
  13  0:12  Probe  
  14  0:18  Pylon  
  14  0:24  Probe (Chrono Boost)  
  15  0:37  Probe (Chrono Boost)  
  15  0:38  Gateway  
  16  0:45  Probe (Chrono Boost)  
  16  0:48  Assimilator  
  17  0:51  Probe  
  17  0:55  Assimilator  
  18  1:03  Probe  
  19  1:05  Pylon  
  19  1:15  Probe (Chrono Boost)  
  20  1:25  Cybernetics Core  
  21  1:26  Probe (Chrono Boost)  
  21  1:30  Zealot  
  21  1:31  Probe (Chrono Boost)  
  24  1:39  Pylon  
  24  1:44  Probe  
  25  1:56  Probe  
  26  2:03  Stargate  
  26  2:07  Pylon  
  26  2:10  Stalker (Chrono Boost)  
  26  2:14  Pylon  
  28  2:27  Probe  
  28  2:29  Warp Gate  
  29  2:35  Stalker (Chrono Boost)  
  31  2:40  Probe  
  31  2:52  Phoenix  
  33  3:00  Stalker  
  35  3:09  Nexus  
  35  3:17  Phoenix (Chrono Boost)  
  39  3:46  Probe  
  36  3:50  Oracle  
  35  3:57  Gateway  
  35  3:58  Probe  
  36  4:06  Twilight Council  
  36  4:09  Gateway  
  36  4:10  Probe  
  36  4:13  Robotics Facility  
  37  4:17  Stalker  
  37  4:21  Shield Battery  
  37  4:22  Probe  
  40  4:26  Probe  
  41  4:35  Probe (Chrono Boost)  
  41  4:38  Probe (Chrono Boost)  
  43  4:39  Pylon  
  44  4:46  Probe (Chrono Boost)  
  44  4:48  Probe (Chrono Boost)  
  44  4:51  Probe (Chrono Boost)  
  46  4:53  Twilight Council, Probe (Chrono Boost)  
  46  4:57  Pylon  
  47  5:01  Probe  
  47  5:04  Probe  
  49  5:09  Immortal (Chrono Boost)  
  53  5:15  Probe  
  53  5:20  Assimilator  
  54  5:22  Assimilator  
  54  5:23  Probe  
  54  5:25  Zealot, Sentry  
  54  5:27  Probe  
  60  5:35  Probe  
  60  5:37  Dark Shrine  
  60  5:39  Probe  
  62  5:44  Zealot  
  62  5:48  Pylon  
  65  5:50  Probe  
  65  5:55  Probe  
  70  5:58  Observer (Chrono Boost)  
  70  6:02  Probe  
  68  6:11  Immortal (Chrono Boost), Gateway  
  68  6:12  Charge (Chrono Boost)  
  67  6:34  Probe  
  69  6:42  Gateway  
  69  6:43  Gateway  
  69  6:44  Immortal (Chrono Boost)  
  72  6:48  Nexus  
  72  6:51  Dark Templar  
  75  6:54  Probe x2  
  76  7:02  Gateway  
  76  7:04  Gateway  
  76  7:09  Pylon  
  76  7:10  Probe  
  77  7:16  Probe  
  76  7:26  Pylon  
  76  7:27  Pylon  
  80  7:30  Robotics Bay  
  80  7:35  Observer x2 (Chrono Boost), Probe  
  78  7:39  Probe  
  78  7:43  Observer  
  79  7:47  Probe  
  79  7:49  Zealot x6  
  79  7:51  Probe  
  91  7:56  Shield Battery  
  91  7:59  Blink  
  91  8:00  Probe x2  
  91  8:03  Probe  
  94  8:12  Probe x2, Stalker x3  
  96  8:14  Disruptor (Chrono Boost)  
  96  8:15  Pylon  
  105  8:22  Robotics Facility  
  105  8:30  Zealot x3, Observer  
  105  8:31  Sentry  
  113  8:40  Disruptor (Chrono Boost)  
  113  8:46  Dark Templar x2  
  120  8:55  Archon  
  120  8:59  Dark Templar  
  122  9:04  Zealot  
  122  9:06  Probe  
  122  9:07  Probe  
  122  9:09  Assimilator x2  
  122  9:21  Stalker x2  
  124  9:24  Pylon  
  124  9:25  Pylon  
  124  9:29  Forge  
  120  9:34  Disruptor (Chrono Boost)  
  124  9:42  Disruptor (Chrono Boost)  
  124  9:46  Dark Templar x2  
  124  9:47  Zealot x6  
  121  10:03  Disruptor (Chrono Boost)  
  123  10:09  Zealot x6  
  127  10:17  Probe x3  
  130  10:24  Disruptor  
  130  10:25  Shadow Stride (Chrono Boost), Observer  
  131  10:29  Nexus, Dark Templar x2, Probe  
  131  10:31  Probe x2  
  134  10:41  Probe  
  131  10:43  Probe  
  131  10:44  Protoss Ground Weapons Level 1 (Chrono Boost), Pylon  
  131  10:45  Probe  
  133  10:51  Photon Cannon  
  133  10:53  Probe  
  132  11:08  Stalker x7  
  146  11:16  Photon Cannon  
  146  11:18  Shield Battery  
  144  11:27  Observer x2  
  144  11:30  Dark Templar  
  148  11:32  Pylon  
  148  11:34  Pylon  
  148  11:35  Pylon  
  146  11:45  Zealot x6  
  156  11:48  Disruptor (Chrono Boost)  
  151  11:59  Dark Templar, Probe  
  151  12:00  Probe x3  
  157  12:02  Assimilator  
  157  12:04  Assimilator  
  157  12:15  Observer (Chrono Boost)  
  156  12:21  Dark Templar x3  
  156  12:22  Zealot x4  
  169  12:23  Probe  
  169  12:30  Observer (Chrono Boost)  
  170  12:40  Probe x3  
  173  12:44  Photon Cannon  
  173  12:45  Photon Cannon  
  173  12:48  Disruptor (Chrono Boost)  
  172  12:54  Disruptor (Chrono Boost)  
  172  12:56  Dark Templar  
  172  12:57  Zealot x7  
  185  13:14  Disruptor (Chrono Boost)  
  185  13:19  Zealot  
  188  13:20  Protoss Ground Weapons Level 2 (Chrono Boost)  
  188  13:24  Pylon  
  188  13:25  Pylon  
  188  13:26  Pylon  
  188  13:29  Disruptor (Chrono Boost)  
  187  13:40  Disruptor (Chrono Boost)  
  182  13:49  Dark Templar  
  182  13:55  Disruptor (Chrono Boost)  
  174  14:02  Zealot x8  
  113  14:26  Dark Templar x2  
  113  14:27  Dark Templar x4  
  113  14:28  Probe x4  
  123  14:32  Pylon  
  123  14:36  Cybernetics Core  
  119  14:40  Probe x4  
  118  14:51  Disruptor (Chrono Boost)  
  118  14:52  Disruptor (Chrono Boost), Probe x3  
  119  14:53  Probe  
  119  14:59  Observer  
  124  15:04  Zealot x5, Probe x2  
  124  15:05  Zealot  
  136  15:08  Probe, Pylon  
  136  15:14  Probe  
  136  15:16  Probe x2  
  136  15:17  Disruptor x2 (Chrono Boost)  
  136  15:18  Pylon  
  145  15:21  Pylon  
  141  15:31  Stalker x6  
  153  15:38  Pylon  
  153  15:53  Nexus  
  138  16:09  Dark Templar x3  
  132  16:15  Zealot x3  
  132  16:16  Zealot x3  
  125  16:34  Robotics Facility x2  
  125  16:36  Stalker  
  125  16:37  Stalker  
  117  16:40  Observer  
  73  17:18  Pylon x2  
  73  17:29  Observer  
  73  17:58  Observer  
  73  18:00  Gateway  
  73  18:07  Pylon  
  73  18:09  Pylon  
  73  18:11  Pylon  
Show
View Real Time Build Order
Export as new Build Order

Probe Protoss - Winner!

Build Orders: Phoenix Opening, Blink Stalkers 

Get SALT Encoding   

  12  0:00  Probe  
  13  0:12  Probe  
  14  0:18  Pylon  
  14  0:24  Probe  
  15  0:36  Probe (Chrono Boost)  
  15  0:38  Gateway  
  16  0:46  Probe (Chrono Boost)  
  16  0:47  Assimilator  
  17  0:51  Probe  
  18  1:03  Probe (Chrono Boost)  
  19  1:09  Assimilator  
  19  1:11  Pylon  
  19  1:14  Probe (Chrono Boost)  
  20  1:19  Probe (Chrono Boost)  
  20  1:25  Cybernetics Core  
  21  1:29  Pylon  
  21  1:31  Probe  
  22  1:39  Zealot  
  24  1:43  Probe  
  25  1:56  Probe  
  25  1:58  Pylon  
  25  1:59  Warp Gate (Chrono Boost)  
  26  2:04  Stalker (Chrono Boost)  
  26  2:08  Probe  
  29  2:14  Pylon  
  29  2:18  Pylon  
  29  2:20  Probe  
  30  2:33  Sentry  
  30  2:35  Gateway  
  31  2:53  Nexus  
  31  3:01  Probe  
  32  3:08  Shield Battery  
  32  3:14  Shield Battery, Probe  
  33  3:23  Twilight Council  
  33  3:27  Probe  
  32  3:40  Stalker x2  
  36  3:46  Probe  
  37  3:49  Phoenix  
  37  3:58  Probe  
  37  3:59  Blink (Chrono Boost)  
  38  4:06  Probe  
  39  4:10  Probe  
  40  4:18  Probe, Stalker  
  40  4:22  Probe  
  44  4:27  Pylon  
  44  4:30  Probe  
  45  4:34  Probe  
  45  4:37  Stalker  
  48  4:42  Probe (Chrono Boost)  
  48  4:44  Stalker  
  51  4:47  Dark Shrine  
  51  4:49  Probe (Chrono Boost)  
  52  4:54  Probe (Chrono Boost)  
  52  4:56  Gateway  
  54  5:03  Probe x2 (Chrono Boost), Stalker  
  57  5:08  Probe  
  57  5:10  Probe  
  59  5:20  Probe  
  60  5:22  Assimilator  
  61  5:28  Probe  
  61  5:34  Nexus  
  61  5:35  Pylon  
  61  5:38  Probe  
  62  5:47  Pylon  
  62  5:53  Probe  
  63  5:57  Robotics Facility, Forge  
  63  5:59  Stalker x2  
  63  6:01  Stalker  
  63  6:03  Charge (Chrono Boost), Probe  
  70  6:06  Probe  
  71  6:15  Protoss Ground Weapons Level 1 (Chrono Boost), Probe  
  73  6:18  Probe  
  73  6:23  Phoenix  
  73  6:28  Probe  
  73  6:30  Probe  
  71  6:36  Photon Cannon  
  71  6:40  Gateway  
  71  6:42  Gateway  
  71  6:43  Gateway x2  
  71  6:48  Gateway  
  71  6:52  Observer  
  72  7:00  Photon Cannon  
  72  7:01  Probe x2  
  74  7:02  Shield Battery  
  74  7:11  Stalker x3  
  74  7:15  Warp Prism  
  82  7:29  Photon Cannon, Gateway  
  82  7:31  Probe  
  83  7:37  Zealot  
  83  7:41  Templar Archives  
  85  7:44  Pylon  
  85  7:50  Pylon  
  85  7:51  Pylon  
  85  7:53  Pylon  
  85  8:02  Observer  
  85  8:04  Zealot x3  
  92  8:07  Pylon  
  92  8:09  Zealot x5  
  102  8:23  Observer  
  102  8:25  High Templar  
  102  8:26  High Templar  
  102  8:27  Observer  
  106  8:28  High Templar  
  106  8:30  High Templar  
  106  8:32  Zealot  
  106  8:33  Zealot x2  
  115  8:34  Archon  
  115  8:35  Archon  
  115  8:41  Zealot  
  114  9:02  Zealot x8  
  125  9:18  Nexus  
  125  9:19  Probe  
  116  9:24  Pylon  
  116  9:26  Gateway  
  116  9:27  Gateway  
  116  9:28  Gateway  
  106  9:40  Observer  
  106  9:41  Pylon  
  106  9:43  Zealot x7  
  121  9:47  Probe  
  122  9:53  Robotics Facility  
  122  9:56  Probe  
  122  9:58  Zealot  
  123  10:02  Robotics Bay  
  117  10:08  Photon Cannon  
  117  10:10  Photon Cannon  
  117  10:11  Shield Battery  
  117  10:12  Shield Battery  
  111  10:15  Stalker x4  
  111  10:16  Stalker x3  
  111  10:18  Probe  
  124  10:22  Probe x2  
  124  10:23  Photon Cannon, Protoss Ground Weapons Level 2 (Chrono Boost)  
  124  10:26  Photon Cannon  
  126  10:32  Zealot x3  
  126  10:33  Zealot  
  134  10:36  Probe x2  
  134  10:38  Probe  
  131  10:46  Disruptor (Chrono Boost)  
  131  10:47  Probe  
  135  10:50  Disruptor (Chrono Boost), Assimilator  
  134  11:10  Zealot  
  134  11:11  Zealot x6  
  148  11:17  Pylon  
  148  11:19  Pylon  
  148  11:27  Assimilator x2  
  148  11:32  Assimilator  
  148  11:34  Disruptor, Pylon  
  148  11:35  Probe x3  
  148  11:36  Disruptor, Pylon  
  148  11:37  Pylon  
  157  11:40  Pylon  
  157  11:42  Pylon  
  157  11:43  Observer  
  157  11:45  Pylon  
  149  11:56  Zealot x3  
  149  11:57  Zealot x7  
  169  12:10  Disruptor  
  166  12:18  Disruptor  
  168  12:34  Robotics Facility  
  168  12:42  Stalker x7  
  168  12:43  Stalker x3  
  188  12:47  Observer  
  189  12:54  Observer  
  190  13:00  Pylon  
  190  13:03  Gateway  
  190  13:06  Pylon  
  190  13:12  Nexus, Protoss Ground Weapons Level 3 (Chrono Boost)  
  190  13:14  Pylon  
  190  13:18  Dark Shrine  
  190  13:19  Zealot x5  
  199  13:26  Observer  
  187  13:53  Zealot x7  
  187  13:55  Observer  
  171  14:11  Disruptor  
  171  14:12  Zealot x4  
  171  14:13  Zealot  
  175  14:24  Zealot x6  
  146  14:25  Observer  
  146  14:26  Observer  
  156  14:33  Shadow Stride  
  156  14:34  Probe x4  
  154  14:47  Observer x2  
  154  14:48  Gravitic Boosters  
  145  15:00  Probe x3  
  148  15:10  Dark Templar  
  148  15:11  Dark Templar x6  
  148  15:13  Probe  
  163  15:16  Probe  
  163  15:42  Stalker x4  
  168  15:54  Probe  
  169  15:58  Photon Cannon  
  169  16:00  Photon Cannon  
  169  16:01  Photon Cannon  
  167  16:09  Probe  
  168  16:13  Disruptor x2  
  158  16:50  Observer, Dark Templar  
  130  17:14  Pylon  
  130  17:15  Pylon  
  130  17:17  Pylon x2  
  130  17:45  Observer, Pylon  
  130  17:48  Pylon  
  130  17:51  Pylon  
  130  17:53  Pylon  
  130  17:54  Pylon  
  130  17:57  Pylon x2  
  122  18:40  High Templar x5  
Tags
 
Add a new tag
Caveats
  • Supply blocks, unpowered buildings, or Contaminate may cause inaccurate times.
  • Supply counts are checked every 10 seconds.